 Dungeon Crawl Stone Soup version 0.24-a0-291-g79c1ce7 (webtiles) character file.

Game seed: 1670368603184693856

101 Megalobster the Cudgeler (level 4, 0/28 HPs)
             Began as a Gargoyle Monk on May 10, 2019.
             Killed from afar by Natasha (5 damage)
             ... with a magic dart
             ... on level 2 of the Dungeon.
             The game lasted 00:04:19 (1249 turns).

Megalobster the Cudgeler (Gargoyle Monk)            Turns: 1249, Time: 00:04:19

Health: 0/28       AC:  6    Str: 16    XL:     4   Next: 75%
Magic:  4/4        EV: 13    Int: 10    God:
Gold:   97         SH:  0    Dex: 12    Spells: 3/3 levels left

rFire    . . .     SeeInvis .   a - +1 mace
rCold    . . .     Gourm    .   (no shield)
rNeg     + . .     Faith    .   b - +0 robe
rPois    ∞         Spirit   .   i - +0 helmet
rElec    +         Reflect  .   (no cloak)
rCorr    .         Harm     .   (no gloves)
MR       .....                  (no boots)
Stlth    ++........             (no amulet)
HPRegen  0.09/turn              (no ring)
MPRegen  0.09/turn              (no ring)

@: no status effects
A: negative energy resistance 1, electricity resistance, unbreathing,
petrification resistance, rot immunity, AC +3
a: no special abilities


You were on level 2 of the Dungeon.
You were not hungry.

You visited 1 branch of the dungeon, and saw 2 of its levels.

You collected 97 gold pieces.

Inventory:

Hand Weapons
 a - a +1 mace (weapon)
Armour
 b - a +0 robe (worn)
 i - a +0 helmet (worn)
Scrolls
 g - a scroll of enchant weapon
 h - a scroll of immolation
Comestibles
 c - 2 rations
 f - a chunk of flesh


   Skills:
 - Level 3.2 Fighting
 * Level 4.3 Maces & Flails
 + Level 2.1 Armour
 - Level 3.0 Dodging
 - Level 2.1 Stealth


You had 3 spell levels left.
You didn't know any spells.
Your spell library was empty.

Dungeon Overview and Level Annotations

Branches:
Dungeon (2/15)

Altars:

Annotations:
D:2 Natasha


Innate Abilities, Weirdness & Mutations

You are resistant to torment.
Your stone body is resilient. (AC +3)
You are immune to poison.
You resist negative energy. (rN+)
You are resistant to electric shocks. (rElec)
You can survive without breathing.
You are immune to petrification.
You are immune to rotting.


Message History

Natasha closely misses you.
You take 1 damage, and have 5/28 hp.
You hit Natasha.
Natasha is severely wounded.
Natasha drinks a potion.
Natasha is healed!
You sock Natasha!
Natasha is severely wounded.
Natasha completely misses you.
You hit Natasha.
Natasha is severely wounded.
Natasha claws you but does no damage.
You closely miss Natasha.
Natasha is severely wounded.
Natasha barely misses you.
You barely miss Natasha.
Natasha is severely wounded.
Natasha extends her claws.
Natasha casts a spell at you. The magic dart hits you.
You die...

#.. #.######### #####'#######
#.#........ #............
#.#.####### #............
#.......... #............ ###
#...##.#### #............
#.######...# .. #............
+.##.......##.#... #............
#@##..♣....##.#.##
#####..#########h#..♣_♣...#......
[.............##5#...♣....#..###.
#.###..........w...........(.....
...............(.................
#.##...#######.#................<
# #.#.............#...#.........
. #.#.######.#........####......
.###.#.# #.#........#.........


You could see a worm, Natasha and a crimson imp.

Vanquished Creatures
  Natasha (D:2)
  2 adders (D:2)
  An ooze (D:2)
  A worm (D:2)
  4 dart slugs
  2 leopard geckos
  3 bats
  2 giant cockroaches (D:1)
  3 goblins (D:1)
  8 hobgoblins
  3 kobolds (D:1)
  A quokka (D:2)
  2 ball pythons
  3 frilled lizards
  4 rats
40 creatures vanquished.

Notes
Turn   | Place    | Note
-------+----------+-------------------------------------------
     0 | D:1      | Megalobster the Gargoyle Monk began the quest for the Orb.
     0 | D:1      | Reached XP level 1. HP: 14/14 MP: 1/1
   187 | D:1      | Reached XP level 2. HP: 14/19 MP: 2/2
   345 | D:1      | Reached skill level 1 in Armour
   388 | D:1      | Reached XP level 3. HP: 13/23 MP: 3/3
   834 | D:2      | Noticed Natasha
   851 | D:2      | Killed Natasha
   851 | D:2      | Reached skill level 4 in Maces & Flails
   851 | D:2      | Reached XP level 4. HP: 18/28 MP: 4/4
  1090 | D:2      | Found a faded altar of an unknown god.
  1111 | D:2      | Noticed Natasha
  1249 | D:2      | Killed from afar by Natasha

Levels and vault maps discovered:
D:1:      ncdulo_smallfort, layout_rooms, nrook_loot_triangle
D:2:      minmay_roachtagon, layout_basic, chequers_ecumenical_altar_simple,
          uniq_natasha

Skill      XL: |  1  2  3  4 |
---------------+-------------+-----
Armour         | 1 2 |  2.1
Maces & Flails | 4 |  4.3
Dodging        | 3 |  3.0
Fighting       | |  3.2
Stealth        | |  2.1

Action                   |  1- 3 |  4- 6 || total
-------------------------+-------+-------++-------
Melee: Mace              |    92 |    62 ||   154
  Use: Potion            |     1 |       ||     1
       Scroll            |       |     4 ||     4
 Stab: Sleeping          |     3 |     2 ||     5
  Eat: Chunk             |       |     1 ||     1
Armor: Robe              |    30 |    20 ||    50
Dodge: Dodged            |    73 |    49 ||   122

Table legend:
 A = Non-vault XP
 B = Vault XP
 C = Vault XP percentage of total XP
 D = Non-vault monster count
 E = Vault monster count
 F = Vault count percentage of total count
                 A         B        C        D         E       F
            +---------+---------+-------+---------+---------+-------
      Total |     109 |      36 |  24.8 |      39 |       1 |   2.5
            +---------+---------+-------+---------+---------+-------
        D:1 |      51 |       0 |   0.0 |      25 |       0 |   0.0
        D:2 |      58 |      36 |  38.3 |      14 |       1 |   6.7
            +---------+---------+-------+---------+---------+-------
